 Dungeon Crawl Stone Soup version 0.24.0-123-gd5b16e6ec5 (webtiles) character file.

Game seed: 10053383282627207492, levelgen mode: deterministic

176495 Mesmaeker13 the Peltast (level 17, 0/111 HPs)
             Began as a Pale Draconian Earth Elementalist on Jan 15, 2020.
             Was a High Priest of Sif Muna.
             Slain by a deep troll earth mage (12 damage)
             ... on level 1 of the Depths.
             The game lasted 02:15:54 (55605 turns).

Mesmaeker13 the Peltast (DrEE)                     Turns: 55605, Time: 02:15:54

Health: 0/111      AC: 15    Str:  8    XL:     17   Next: 24%
Magic:  40/40      EV: 17    Int: 25    God:    Sif Muna [*****.]
Gold:   538        SH: 14    Dex: 13    Spells: 7/36 levels left

rFire    . . .     SeeInvis .   Y - +0 long sword of Proximity {venom, rN+ MR+ Str-2}
rCold    . . .     Gourm    .   t - +2 shield
rNeg     + . .     Faith    +   (armour unavailable)
rPois    +         Spirit   .   p - +0 hat
rElec    .         Reflect  .   G - +2 cloak
rCorr    .         Harm     .   s - +1 pair of gloves
MR       ++...                  f - +0 pair of boots
Stlth    ++........             J - amulet "Vosyraxt" {Faith Int+3}
HPRegen  0.28/turn              l - ring of magical power
MPRegen  0.27/turn              i - ring of poison resistance

@: no status effects
A: breathe steam, unfitting armour, cold-blooded, AC +9
}: 1/15 runes: decaying
a: Breathe Steam, Channel Magic, Forget Spell, Divine Exegesis, Renounce
Religion


You were on level 1 of the Depths.
You worshipped Sif Muna.
Sif Muna was extremely pleased with you.
You were not hungry.

You visited 7 branches of the dungeon, and saw 31 of its levels.
You also visited: Ice Cave.

You collected 3303 gold pieces.
You spent 2765 gold pieces at shops.

Inventory:

Hand Weapons
 e - a +3 scimitar of flaming
 Y - the +0 long sword of Proximity (weapon) {venom, rN+ MR+ Str-2}
   (You found it on level 1 of the Snake Pit)

   It poisons the flesh of those it strikes.
   It affects your strength (-2).
   It protects you from negative energy.
   It affects your resistance to hostile enchantments.
Missiles
 b - 39 stones
 P - 2 throwing nets (quivered)
Armour
 f - a +0 pair of boots (worn)
 p - a +0 hat (worn)
 s - a +1 pair of gloves (worn)
 t - a +2 shield (worn)
 B - a scarf of repulsion
 G - a +2 cloak (worn)
 S - the +0 cloak "Trusted Companion" {rN+}
   (You found it on level 14 of the Dungeon)

   It protects you from negative energy.
Jewellery
 g - an uncursed ring of see invisible
 i - a ring of poison resistance (right hand)
 l - a ring of magical power (left hand)
 m - an uncursed ring of protection from cold
 o - a +4 amulet of reflection
 x - an uncursed ring of protection from fire
 y - a +2 ring of evasion
 J - the amulet "Vosyraxt" (around neck) {Faith Int+3}
   (You acquired it on level 2 of the Orcish Mines)

   [amulet of faith]

   It allows you to gain divine favour quickly.
   It affects your intelligence (+3).
 M - an uncursed ring of flight
 N - an uncursed ring of resist corrosion
Wands
 h - a wand of enslavement (6)
Scrolls
 d - a scroll of brand weapon {unknown}
 j - 2 scrolls of holy word
 n - 3 scrolls of fear
 w - 2 scrolls of enchant weapon
 D - 3 scrolls of teleportation
 E - a scroll of blinking
 I - a scroll of immolation
 K - a scroll of summoning {unknown}
 L - 10 scrolls of remove curse
 T - 3 scrolls of enchant armour
 X - a scroll of fog
Potions
 a - a potion of ambrosia {unknown}
 k - a potion of invisibility
 q - 3 potions of haste
 r - 3 potions of berserk rage {unknown}
 u - 4 potions of curing
 v - a potion of mutation
 z - 2 potions of agility
 A - 3 potions of resistance
 C - 4 potions of flight
 F - 2 potions of might {unknown}
 H - 3 potions of brilliance
 Q - a potion of heal wounds
 R - 3 potions of cancellation
 U - a potion of magic {unknown}
Miscellaneous
 V - a phial of floods (inert)
Comestibles
 c - 8 rations


   Skills:
 + Level 9.0 Dodging
 - Level 1.7 Stealth
 - Level 15.0 Shields
 - Level 10.2 Spellcasting
 - Level 15.0 Conjurations
 - Level 5.2 Transmutations
 + Level 2.0 Fire Magic
 - Level 5.0 Air Magic
 + Level 13.7 Earth Magic
 - Level 5.4 Poison Magic
 - Level 7.0 Invocations
 - Level 7.3 Evocations


You had 7 spell levels left.
You knew the following spells:

 Your Spells              Type           Power        Failure   Level  Hunger
a - Sandblast             Erth           ######       1%          1    None
b - Stone Arrow           Conj/Erth      ######       1%          3    None
c - Mephitic Cloud        Conj/Pois/Air  ######..     1%          3    None
d - Lee's Rapid Deconstr  Erth           ######....   1%          5    ####...
e - Petrify               Tmut/Erth      ######..     1%          4    None
f - Passwall              Tmut/Erth      ######..     1%          2    None
g - Iron Shot             Conj/Erth      ######....   1%          6    #####..
h - Bolt of Magma         Conj/Fire/Erth ######....   1%          5    ####...

Your spell library contained the following spells:

 Spells                   Type           Power        Failure   Level  Hunger
 Magic Dart               Conj           ####         0%          1    None
 Searing Ray              Conj           ######       0%          2    None
 Flame Tongue             Conj/Fire      #####        1%          1    None
 Shock                    Conj/Air       ####         1%          1    None
 Sting                    Conj/Pois      ####         1%          1    None
 Poisonous Vapours        Pois/Air       #####.       1%          2    None
 Throw Flame              Conj/Fire      ######       1%          2    None
 Conjure Flame            Conj/Fire      ######..     1%          3    None
 Dazzling Spray           Conj/Hex       ######       1%          3    None
 Static Discharge         Conj/Air       ######..     1%          3    None
 Iskenderun's Mystic Bla  Conj           ######..     1%          4    None
 Sticky Flame             Conj/Fire      ######..     1%          4    None
 Irradiate                Conj/Tmut      ######....   1%          5    ####...
 Venom Bolt               Conj/Pois      ######....   1%          5    ####...
 Force Lance              Conj/Tloc      ######..     2%          4    None
 Fulminant Prism          Conj/Hex       ######....   2%          4    None
 Leda's Liquefaction      Hex/Erth       #####.....   2%          4    None
 Throw Icicle             Conj/Ice       ######..     2%          4    None
 Lightning Bolt           Conj/Air       ######....   2%          5    ####...
 Apportation              Tloc           ##....       4%          1    None
 Confusing Touch          Hex            ##....       4%          1    None
 Corona                   Hex            ##.....      4%          1    None
 Summon Butterflies       Summ           ##......     4%          1    None
 Summon Small Mammal      Summ           ##..         4%          1    None
 Fireball                 Conj/Fire      ######....   4%          5    ####...
 Olgreb's Toxic Radiance  Pois           #####...     5%          4    None
 Airstrike                Air            #####.....   6%          4    None
 Bolt of Draining         Conj/Necr      ######....   6%          5    ####...
 Call Imp                 Summ           ##......     8%          2    None
 Slow                     Hex            ##......     8%          2    None
 Song of Slaying          Chrm           ##......     8%          2    None
 Orb of Destruction       Conj           ######....   9%          7    #######
 Inner Flame              Hex/Fire       ###.....     10%         3    None
 Call Canine Familiar     Summ           ##......     14%         3    None
 Confuse                  Hex            ##......     14%         3    None
 Gell's Gravitas          Tloc           ##........   14%         3    None
 Lesser Beckoning         Tloc           ##........   14%         3    None
 Ozocubu's Armour         Chrm/Ice       ##......     14%         3    None
 Portal Projectile        Hex/Tloc       ##....       14%         3    None
 Summon Guardian Golem    Hex/Summ       ##......     14%         3    None
 Tukima's Dance           Hex            ##......     14%         3    None
 Ice Form                 Ice/Tmut       ####....     16%         4    None
 Alistair's Intoxication  Tmut/Pois      #####...     16%         5    ####...
 Statue Form              Tmut/Erth      ######...    16%         6    #####..
 Summon Lightning Spire   Summ/Air       ####....     17%         4    None
 Bolt of Fire             Conj/Fire      ######....   22%         6    #####..
 Bolt of Cold             Conj/Ice       ######....   34%         6    #####..
 Yara's Violent Unravell  Hex/Tmut       ####......   41%         5    ####...
 Cause Fear               Hex            ##........   43%         4    None
 Summon Ice Beast         Ice/Summ       ##......     43%         4    None
 Silence                  Hex/Air        ####......   43%         5    ####...
 Freezing Cloud           Conj/Ice/Air   #####.....   43%         6    #####..
 Agony                    Necr           ##......     80%         5    ####...
 Excruciating Wounds      Chrm/Necr      ##........   80%         5    ####...
 Metabolic Englaciation   Hex/Ice        ##........   80%         5    ####...
 Summon Mana Viper        Hex/Summ       ##......     80%         5    ####...
 Dragon Form              Tmut           #####.....   99%         7    #######
 Invisibility             Hex            ##......     100%        6    #####..
 Ozocubu's Refrigeration  Ice            ##........   100%        6    #####..
 Simulacrum               Ice/Necr       ##........   100%        6    #####..
 Ring of Flames           Chrm/Fire      ###.......   100%        7    #######
 Lehudib's Crystal Spear  Conj/Erth      ######....   65%         8    #######
 Chain Lightning          Conj/Air       ######....   99%         8    #######
 Summon Horrible Things   Summ           ##........   100%        8    #######
 Dragon's Call            Summ           ##........   100%        9    #######
 Fire Storm               Conj/Fire      ######....   100%        9    #######


Dungeon Overview and Level Annotations

Branches:
Dungeon (15/15)            Temple (1/1) D:6            Lair (6/6) D:10
  Swamp (4/4) Lair:2        Snake (2/4) Lair:2        Slime (0/5) Lair:5
    Orc (2/2) D:10            Elf (0/3) Orc:2        Vaults (0/5) D:13
 Depths (1/5) D:15          IceCv (visited)

Altars:
Ashenzari
Cheibriados
Dithmenos
Elyvilon
Fedhas
Gozag
Hepliaklqana
Kikubaaqudgha
Makhleb
Nemelex Xobeh
Okawaru
Qazlal
Ru
Sif Muna
Trog
Uskayaw
Vehumet
Wu Jian
Xom
Yredelemnul
Zin
The Shining One
Beogh
Jiyva

Shops:
D:7 (   D:9 !?=   D:11 (   D:12 [   D:14 *   Orc:2 %*:(   Snake:1 **

Portals:
Pandemonium: Orc:2

Annotations:
Swamp:4 1 exclusion
Snake:1 3 runed translucent doors, exclusion: obsidian statue, Nilihum's ghost, adept OpTm
Snake:2 1 transporter


Innate Abilities, Weirdness & Mutations

You can breathe blasts of scalding, opaque steam.
Your pale cyan-grey scales are hard. (AC +9)
You cannot fit into any form of body armour.
You are cold-blooded and may be slowed by cold attacks.


Message History

The deep troll barely misses you. The deep troll bites you!
The deep troll claws you! The deep troll misses you.
The deep troll earth mage bites you. The deep troll earth mage misses you.
The deep troll earth mage claws you.
There is a staircase back to the Dungeon, spattered with blood here.
The deep troll shaman bites you!
The deep troll shaman claws you but does no damage.
The deep troll shaman claws you!
* * * LOW HITPOINT WARNING * * *
The deep troll misses you. The deep troll claws you.
* * * LOW HITPOINT WARNING * * *
You block the deep troll's attack. The deep troll bites you!
* * * LOW HITPOINT WARNING * * *
The deep troll claws you.
* * * LOW HITPOINT WARNING * * *
The deep troll claws you but does no damage.
You block the deep troll earth mage's attack.
The deep troll earth mage claws you but does no damage.
The deep troll earth mage claws you!
You die...

#....# #....#
###....#
#......##
##......###
#.........
###.....T##
.......@T.#
....#.#TT.## #
##.....#
##...#.### ##
#........# #..#
##.#....#.
#....##.#..#...
#.......#...#.
#####.#...#..


You could see 2 deep trolls, a deep troll earth mage and a deep troll shaman.

Vanquished Creatures
  the Lernaean hydra (Swamp:4)
  A thorn hunter (Swamp:3)
  A frost giant (D:13)
  An orc warlord (D:10)
  An ironheart preserver (D:13)
  5 dire elephants (Lair:6)
  Nessos (Orc:2)
  An ettin (D:15)
  Harold (D:7)
  2 ghost crabs
  A naga warrior (Snake:2)
  21 hydras
  3 shambling mangroves
  3 centaur warriors
  Erica (D:8)
  3 anacondas
  3 two-headed ogres
  A deep troll earth mage (D:15)
  11 alligators
  2 tengu warriors
  9 orc high priests
  Sonja (Orc:2)
  4 unseen horrors
  A torturous demonspawn (Orc:2)
  A naga ritualist (Snake:1)
  2 gelid demonspawn (Orc:2)
  16 swamp dragons
  5 orc knights (Orc:2)
  A deep elf archer (D:15)
  2 spriggan druids
  3 mana vipers
  A wolf spider zombie (D:9)
  10 orc sorcerers
  24 ugly things
  3 cyclopes
  2 deep elf magi
  A salamander (Snake:2)
  A manticore (D:14)
  10 black mambas
  23 elephants
  2 naga magi (Snake:1)
  2 rust devils (Orc:2)
  20 spiny frogs
  4 gargoyles
  3 kobold demonologists (D:13)
  A yaktaur (D:15)
  A rime drake (Lair:4)
  3 komodo dragons
  A red devil (Orc:2)
  7 freezing wraiths
  3 anaconda simulacra (IceCv)
  A golden dragon simulacrum (IceCv)
  A tengu conjurer (D:15)
  A queen bee (shapeshifter) (D:15)
  6 ice devils
  A queen bee (D:8)
  4 trolls
  6 tyrant leeches
  22 hornets
  12 bog bodies
  12 blink frogs
  8 hippogriffs
  23 slime creatures
  A dire elephant simulacrum (IceCv)
  12 spriggans
  4 shadows
  Sigmund (D:6)
  2 wyverns
  36 orc warriors
  26 yaks
  4 wraiths
  Eustachio (D:5)
  A steam dragon (Lair:2)
  2 hungry ghosts (D:13)
  3 basilisks
  9 vampire mosquitoes
  A chaos spawn (Orc:2)
  Menkaure (D:6)
  4 harpy simulacra (IceCv)
  5 wargs
  10 swamp worms
  27 insubstantial wisps
  Edmund (D:6)
  4 nagas
  3 hydra simulacra (IceCv)
  A soldier ant (D:13)
  An acid dragon (D:15)
  11 water moccasins
  13 swamp drakes
  8 porcupines
  4 sky beasts
  6 ice beasts
  A hornet zombie (D:8)
  A phantom (D:12)
  5 wolves
  3 ettin simulacra (IceCv)
  An eye of draining (D:13)
  2 alligator simulacra (IceCv)
  9 ogres
  12 centaurs
  8 crocodiles
  4 big kobolds
  10 bullfrogs
  A wyvern skeleton (D:9)
  2 scorpions
  17 killer bees
  5 wights
  4 vampire bats (Lair:5)
  3 howler monkeys
  4 crimson imps
  3 centaur zombies
  2 quasits
  A bullfrog zombie (D:9)
  4 jellies
  5 centaur skeletons
  5 hounds
  A bullfrog skeleton (D:6)
  34 orc priests
  Crazy Yiuf (D:2)
  16 orc wizards
  2 iguanas
  6 worker ants
  2 polar bear simulacra (IceCv)
  5 troll simulacra (IceCv)
  2 centaur simulacra (IceCv)
  A hound zombie (D:6)
  2 hound skeletons
  8 adders
  2 ogre simulacra (IceCv)
  4 naga simulacra (IceCv)
  4 shadow imps
  4 white imps (IceCv)
  4 ufetubi (IceCv)
  2 adder skeletons
  2 adder zombies
  A worm (D:2)
  3 dart slugs
  5 leopard geckos
  109 orcs
  9 bats
  13 giant cockroaches
  8 goblins
  6 hobgoblins
  6 jackals
  22 kobolds
  3 quokkas
  3 frilled lizards
  A jackal skeleton (D:4)
  A leopard gecko skeleton (D:4)
  A quokka skeleton (D:6)
  A quokka zombie (D:8)
  5 rats
  5 plants
946 creatures vanquished.

Vanquished Creatures (collateral kills)
  2 elephants
  A black mamba (Lair:4)
  A troll (D:8)
  A hornet (Swamp:2)
  A hippogriff (Lair:6)
  2 yaks
  An ogre (D:8)
  A quasit (D:8)
  A jelly (D:7)
  An orc wizard (D:7)
  An adder (D:5)
  An orc (D:7)
14 creatures vanquished.

Vanquished Creatures (others)
  An elephant (Lair:6)
  A yak (Lair:5)
  An ogre (D:8)
  A wolf (Lair:6)
  A hound skeleton (D:6)
  An adder (D:6)
  An orc (D:5)
  3 fungi
  7 plants (Lair:6)
17 creatures vanquished.

Grand Total: 977 creatures vanquished

Notes
Turn   | Place    | Note
-------+----------+-------------------------------------------
     0 | D:1      | Mesmaeker13 the Draconian Earth Elementalist began the
                  | quest for the Orb.
     0 | D:1      | Reached XP level 1. HP: 14/14 MP: 3/3
   464 | D:1      | Reached XP level 2. HP: 20/20 MP: 3/5
  1438 | D:2      | Reached XP level 3. HP: 26/26 MP: 6/6
  1678 | D:2      | Found a runed translucent door.
  1679 | D:2      | Noticed Crazy Yiuf
  1685 | D:2      | Killed Crazy Yiuf
  1685 | D:2      | Reached XP level 4. HP: 33/33 MP: 3/8
  1930 | D:2      | Learned a level 3 spell: Stone Arrow
  2383 | D:3      | Reached XP level 5. HP: 38/38 MP: 9/9
  2602 | D:3      | Reached skill level 1 in Conjurations
  2863 | D:4      | Noticed an ogre
  2868 | D:4      | Killed an ogre
  2878 | D:4      | Reached XP level 6. HP: 45/45 MP: 0/10
  3898 | D:5      | Entered Level 5 of the Dungeon
  3937 | D:5      | Reached skill level 5 in Earth Magic
  3943 | D:5      | Noticed an ice beast
  3953 | D:5      | Killed an ice beast
  3953 | D:5      | Your scales start taking on a pale cyan-grey colour.
  3953 | D:5      | Reached XP level 7. HP: 38/50 MP: 4/11
  4865 | D:6      | Noticed Eustachio
  4874 | D:5      | Killed Eustachio
  5016 | D:6      | Reached skill level 5 in Dodging
  5218 | D:6      | Found a staircase to the Ecumenical Temple.
  5240 | Temple   | Entered the Ecumenical Temple
  5309 | Temple   | Became a worshipper of Sif Muna the Loreminder
  5496 | D:6      | Reached skill level 1 in Shields
  5496 | D:6      | Reached XP level 8. HP: 57/57 MP: 6/12
  5617 | D:6      | Noticed Edmund
  5654 | D:6      | Killed Edmund
  5789 | D:6      | Noticed Menkaure
  5810 | D:6      | Killed Menkaure
  6047 | D:6      | Reached skill level 5 in Conjurations
  6060 | D:6      | Noticed Sigmund
  6065 | D:6      | Killed Sigmund
  6336 | D:7      | Found Maraog's Antique Weapon Shoppe.
  6360 | D:7      | Bought a smoking mace for 232 gold pieces
  6772 | D:7      | Noticed Harold
  6802 | D:7      | Killed Harold
  6802 | D:7      | Reached skill level 5 in Shields
  6802 | D:7      | Reached XP level 9. HP: 38/62 MP: 0/13
  6992 | D:7      | Identified the +4 mace of Infection {vamp, Dex+2} (You
                  | bought it in a shop on level 7 of the Dungeon)
  7085 | D:7      | Reached * piety under Sif Muna
  7328 | D:8      | Learned a level 3 spell: Mephitic Cloud
  7345 | D:8      | Noticed a two-headed ogre
  7345 | D:8      | Noticed an eight-headed hydra
  7765 | D:8      | Noticed Erica
  7779 | D:8      | Killed Erica
  8040 | D:8      | Found a hazy altar of Hepliaklqana.
  8202 | D:8      | Reached XP level 10. HP: 64/69 MP: 10/14
  8205 | D:8      | Reached skill level 1 in Air Magic
  8217 | D:8      | Reached skill level 1 in Poison Magic
  8298 | D:8      | Noticed an unseen horror
  8557 | D:8      | Found a sacrificial altar of Ru.
  8565 | D:8      | Found a shattered altar of Ashenzari.
  8569 | D:8      | Found a glowing golden altar of the Shining One.
  9434 | D:9      | Found Ehyromna's Distillery.
  9442 | D:9      | Bought a potion of curing for 36 gold pieces
  9812 | D:9      | Found Hist's Magic Scroll Shop.
  9820 | D:9      | Bought a scroll of identify for 28 gold pieces
 10481 | D:9      | Reached ** piety under Sif Muna
 10566 | D:9      | Found Ygull's Jewellery Shoppe.
 11006 | D:10     | Entered Level 10 of the Dungeon
 11160 | D:10     | Found a staircase to the Orcish Mines.
 11279 | D:10     | Found a staircase to the Lair.
 11433 | D:10     | Noticed a gargoyle
 11442 | D:10     | Killed a gargoyle
 12615 | Lair:1   | Entered Level 1 of the Lair of Beasts
 12717 | D:9      | Bought an uncursed ring of poison resistance for 300 gold
                  | pieces
 12889 | Lair:1   | Reached skill level 5 in Air Magic
 12889 | Lair:1   | Reached XP level 11. HP: 74/74 MP: 1/15
 13118 | Lair:1   | Reached skill level 10 in Earth Magic
 13395 | Lair:1   | Learned a level 5 spell: Lee's Rapid Deconstruction
 13577 | Lair:1   | Reached skill level 5 in Poison Magic
 14244 | Lair:2   | Reached skill level 1 in Evocations
 14697 | Lair:2   | Noticed a four-headed hydra
 14704 | Lair:2   | Killed a four-headed hydra
 15007 | Lair:2   | Found a staircase to the Swamp.
 15859 | Lair:2   | Found a staircase to the Snake Pit.
 16088 | Lair:2   | Reached skill level 5 in Evocations
 16188 | Lair:3   | Reached XP level 12. HP: 74/81 MP: 9/16
 16399 | Lair:3   | Reached skill level 10 in Shields
 16898 | Lair:4   | Noticed a six-headed hydra
 16903 | Lair:4   | Killed a six-headed hydra
 17450 | Lair:4   | Reached *** piety under Sif Muna
 19384 | Lair:5   | Found a viscous altar of Jiyva.
 19384 | Lair:5   | Found a staircase to the Slime Pits.
 19706 | Lair:6   | Entered Level 6 of the Lair of Beasts
 20134 | Lair:6   | Noticed an eight-headed hydra
 20144 | Lair:6   | Killed an eight-headed hydra
 20144 | Lair:6   | Reached XP level 13. HP: 86/86 MP: 13/17
 20436 | Lair:6   | Noticed a dire elephant
 20974 | Lair:6   | Killed a dire elephant
 20974 | Lair:6   | Reached skill level 10 in Conjurations
 21542 | Lair:6   | Learned a level 4 spell: Petrify
 21621 | Lair:6   | Reached **** piety under Sif Muna
 21626 | Lair:6   | Reached skill level 1 in Invocations
 21852 | Lair:6   | Noticed a dire elephant
 21866 | Lair:6   | Killed a dire elephant
 21951 | Lair:6   | Noticed a dire elephant
 21951 | Lair:6   | Noticed a dire elephant
 21964 | Lair:6   | Killed a dire elephant
 21972 | Lair:6   | Killed a dire elephant
 22046 | Lair:6   | Noticed a dire elephant
 22086 | Lair:6   | Killed a dire elephant
 22467 | D:8      | Learned a level 2 spell: Passwall
 22880 | Orc:1    | Entered Level 1 of the Orcish Mines
 23009 | Orc:2    | Entered Level 2 of the Orcish Mines
 23009 | Orc:2    | Noticed an orc warlord
 23183 | Orc:2    | Noticed Sonja
 23511 | D:10     | Killed an orc warlord
 23818 | Orc:2    | Killed Sonja
 24128 | Orc:1    | Found a roughly hewn altar of Beogh.
 24898 | Orc:1    | Found a roughly hewn altar of Beogh.
 25935 | Orc:2    | Noticed Nessos
 25949 | Orc:2    | Reached ***** piety under Sif Muna
 25950 | Orc:2    | Killed Nessos
 25950 | Orc:2    | Identified Sif Muna's Collected Works on Arcane Weapons
                  | (Sif Muna gifted it to you on level 2 of the Orcish Mines)
 25950 | Orc:2    | Received a gift from Sif Muna
 25950 | Orc:2    | Reached XP level 14. HP: 91/93 MP: 8/19
 26061 | Orc:2    | Found a burning altar of Makhleb.
 26098 | Orc:2    | Found a staircase to the Elven Halls.
 26773 | Orc:2    | Found Sitilip's Food Shoppe.
 26774 | Orc:2    | Found Juangett's General Store.
 26885 | Orc:2    | Reached skill level 5 in Invocations
 27664 | Orc:2    | Reached skill level 5 in Transmutations
 28978 | Orc:2    | Found Pytawib's Antique Weapon Shop.
 28978 | Orc:2    | Found a one-way gate leading to the halls of Pandemonium.
 28978 | Orc:2    | Found Doubeus's Book Boutique.
 29037 | Orc:2    | Bought a scroll of acquirement for 780 gold pieces
 29045 | Orc:2    | Got a twitching diamond amulet
 29046 | Orc:2    | Identified the amulet "Vosyraxt" {Faith Int+3} (You
                  | acquired it on level 2 of the Orcish Mines)
 29673 | D:11     | Found Yjioceesk's Weapon Boutique.
 31005 | D:12     | Received a gift from Sif Muna
 31647 | D:12     | Found Erogena Zecy's Antique Armour Boutique.
 32538 | D:13     | Found a gate to the Vaults.
 32538 | D:13     | Noticed an ironheart preserver
 32555 | D:13     | Killed an ironheart preserver
 32723 | D:13     | Found a transporter.
 32753 | D:13     | Found a transporter.
 32784 | D:13     | Reached skill level 5 in Spellcasting
 32804 | D:13     | Noticed a frost giant
 33570 | D:13     | Killed a frost giant
 33951 | D:13     | Identified Wuseiw's Grimoire of Flight and Self-Knowledge
                  | (Sif Muna gifted it to you on level 13 of the Dungeon)
 33951 | D:13     | Received a gift from Sif Muna
 34029 | D:13     | Reached XP level 15. HP: 83/99 MP: 19/22
 34643 | D:14     | Found an opulent altar of Gozag.
 34658 | D:14     | Found Gozag's Platinum Reserve.
 34871 | D:14     | Got a faintly glowing cloak
 34882 | D:14     | Identified the cursed +0 cloak "Trusted Companion" {rN+}
                  | (You found it on level 14 of the Dungeon)
 35248 | D:15     | Entered Level 15 of the Dungeon
 36868 | D:15     | Found a staircase to the Depths.
 36932 | D:15     | Identified Sif Muna's Volume of the Harmful Frostbite (Sif
                  | Muna gifted it to you on level 15 of the Dungeon)
 36932 | D:15     | Received a gift from Sif Muna
 37072 | D:15     | Learned a level 6 spell: Iron Shot
 37366 | Swamp:1  | Entered Level 1 of the Swamp
 39902 | D:9      | Bought an uncursed ring of protection from cold for 375
                  | gold pieces
 40193 | Swamp:2  | Found a frozen archway.
 40218 | IceCv    | Entered an ice cave
 40568 | IceCv    | Identified Sif Muna's Disquisition on Combat Magic (Sif
                  | Muna gifted it to you in an ice cave)
 40568 | IceCv    | Received a gift from Sif Muna
 41226 | IceCv    | Reached XP level 16. HP: 16/105 MP: 22/28
 41315 | IceCv    | HP: 5/105 [something (6)]
 42181 | IceCv    | Noticed an Ice Fiend
 43878 | Swamp:2  | Reached skill level 15 in Shields
 44138 | Swamp:2  | Identified Sif Muna's Handbook of Clay and Confrontation
                  | (Sif Muna gifted it to you on level 2 of the Swamp)
 44138 | Swamp:2  | Received a gift from Sif Muna
 45853 | Swamp:3  | Noticed a thorn hunter
 46205 | Swamp:3  | Paralysed by a hornet for 1 turns
 46386 | Swamp:3  | Killed a thorn hunter
 47175 | Swamp:3  | Paralysed by a hornet for 1 turns
 47937 | Swamp:4  | Entered Level 4 of the Swamp
 48596 | Swamp:4  | Identified Sif Muna's Reference Book on Summoning and
                  | Necromancy (Sif Muna gifted it to you on level 4 of the
                  | Swamp)
 48596 | Swamp:4  | Received a gift from Sif Muna
 49312 | Swamp:4  | Found the +8 orange crystal plate armour {Archmagi, Int+3
                  | Clar}
 49824 | Swamp:4  | Reached skill level 10 in Spellcasting
 50400 | Swamp:4  | Identified the Incunabulum of the Forsaken Songs
 50612 | Swamp:4  | Reached skill level 15 in Conjurations
 50849 | Swamp:4  | Noticed the 27-headed Lernaean hydra
 51845 | Swamp:4  | Killed the 27-headed Lernaean hydra
 51845 | Swamp:4  | Reached XP level 17. HP: 111/111 MP: 16/31
 52144 | Swamp:4  | Got a decaying rune of Zot
 52414 | D:9      | Bought a potion of curing for 36 gold pieces
 52414 | D:9      | Bought a potion of curing for 36 gold pieces
 52414 | D:9      | Bought a potion of curing for 36 gold pieces
 52428 | D:9      | Bought a scroll of acquirement for 728 gold pieces
 52435 | D:9      | Bought a scroll of identify for 28 gold pieces
 52561 | Orc:2    | Bought a ration for 50 gold pieces
 52561 | Orc:2    | Bought a ration for 50 gold pieces
 52561 | Orc:2    | Bought a ration for 50 gold pieces
 52739 | Snake:1  | Entered Level 1 of the Snake Pit
 53459 | Snake:1  | Found a runed translucent gate.
 53460 | Snake:1  | Found a runed translucent gate.
 53460 | Snake:1  | Found an opulent altar of Gozag.
 53569 | Snake:1  | Found a runed translucent gate.
 53580 | Snake:1  | Found Wohan's Assorted Antiques.
 53580 | Snake:1  | Noticed Nilihum's ghost (adept OpTm)
 53581 | Snake:1  | Found Joann's Assorted Antiques.
 54557 | Snake:1  | Learned a level 5 spell: Bolt of Magma
 54929 | Snake:2  | Reached skill level 1 in Fire Magic
 54958 | Snake:2  | Found a transporter.
 55028 | Snake:1  | Got a dazzling long sword
 55032 | Snake:1  | Identified the cursed +0 long sword of Proximity {venom,
                  | rN+ MR+ Str-2} (You found it on level 1 of the Snake Pit)
 55183 | D:8      | Identified Sif Muna's Catalogue of Battle Magic (Sif Muna
                  | gifted it to you on level 8 of the Dungeon)
 55183 | D:8      | Received a gift from Sif Muna
 55244 | D:8      | Identified Kaskip's Grimoire of Floating Battle Magic
 55507 | Depths:1 | Entered Level 1 of the Depths
 55605 | Depths:1 | Slain by a deep troll earth mage

Levels and vault maps discovered:
D:1:      minmay_arrival_open_corners, layout_loops_corners, dk_noncrumbling_4
D:2:      layout_rooms, minmay_worlds_worst_comb, uniq_crazy_yiuf_cottage
D:3:      layout_basic, first_ration
D:4:      layout_gridville
D:5:      layout_rooms, small_statue_alley_b
D:6:      layout_rooms, minmay_temple_entry_gardened_gates, grunt_ministairs_4,
          uniq_edmund, uniq_menkaure, uniq_sigmund, uniq_eustachio
D:7:      layout_gridville, serial_shops, nicolae_shop_stone, uniq_harold
D:8:      layout_cave_pools, marbit_many_paths,
          minmay_overflow_temple_star_quad, david_nohive_1, minivault_12,
          uniq_erica
D:9:      layout_roguey, serial_shops, shop, shop, nicolae_shop_crystal,
          grunt_ministairs_14
D:10:     layout_grid_maze, lair_entry_dummy, orc_0_dummy
D:11:     layout_roguey, serial_shops, shop
D:12:     layout_roguey, serial_shops, shop
D:13:     gammafunk_wand_slinger, layout_gridville,
          skrybe_vaults_entry_preservation, kennysheep_four_rooms
D:14:     layout_rooms, nicolae_gozag_zags_fifth_avenue
D:15:     hangedman_depths_entry_civil_slaughter, layout_rooms
Temple:   dpeg_five_rooms_temple
Lair:1:   layout_roguey
Lair:2:   layout_chaotic_city, skrybe_swamp_entry_bodies,
          guppyfry_snake_entry_island
Lair:3:   layout_chaotic_city, lemuel_fruit_fields
Lair:4:   layout_misc_corridors
Lair:5:   layout_gridlike, dpeg_slime_entry_enclosed_altar, roderic_batcave,
          minmay_shattered_shrine, lemuel_fruit_fields, grunt_megastairs_3
Lair:6:   due_jungle_book, layout_big_grid, chequers_serial_rivers_micro_e,
          columned_hall_lemuel, serial_bayou_shore_b,
          infiniplex_staircase_pool_2, grunt_megastairs_1
Swamp:1:  layout_basic_swamp, serial_swamp_ruin, evilmike_swamp_ruin_house_3,
          evilmike_swamp_ruin_house_6, evilmike_swamp_ruin_house_2
Swamp:2:  layout_basic_swamp, portal_ice_cave_entry_frozen_things,
          evilmike_swamp_ruin_wall, swamp_pool1, nicolae_swamp_rocky_clearing
Swamp:3:  layout_falls_marsh, evilmike_swamp_ruin_house_1
Swamp:4:  swamp_old_school, layout_basic_swamp
Snake:1:  layout_layer_cave, ebering_ghost_gozag
Snake:2:  gammafunk_its_a_trap, layout_misc_corridors
Orc:1:    layout_caves, basic_altar, minmay_orc_temple_b
Orc:2:    pf_orc_diabolical, layout_caves, special_room, bloody_makhleb,
          uniq_nessos, uniq_sonja
Depths:1: layout_basic, grunt_mini_vestibule,
          hangedman_abyss_or_decor_jellyfish_corner, serial_shops, shop,
          hex_medium, st_stairs_7, minivault_11, minmay_misc_feat_plants,
          minmay_hollow_rounded_squares

Skill      XL: |  1  2  3  4  5  6  7  8  9 10 11 12 13 14 15 16 17 |
---------------+----------------------------------------------------+-----
Dodging        | 2 3 4 5 8 9 |  9.0
Spellcasting   | 3 5 8 10 | 10.2
Earth Magic    | 4 5 6 8 9 11 12 13 | 13.7
Conjurations   | 2 3 4 6 7 9 10 12 13 15 | 15.0
Shields        | 1 5 6 7 9 11 12 13 14 15 | 15.0
Air Magic      | 5 |  5.0
Poison Magic   | 4 5 |  5.4
Evocations     | 5 6 7 |  7.3
Invocations    | 4 7 |  7.0
Transmutations | 4 5 |  5.2
Fire Magic     | 2 |  2.0
Stealth        | |  1.7

Action                   |  1- 3 |  4- 6 |  7- 9 | 10-12 | 13-15 | 16-18 || total
-------------------------+-------+-------+-------+-------+-------+-------++-------
Melee: Dagger            |    26 |       |       |       |       |       ||    26
       Unarmed           |     5 |       |       |       |       |       ||     5
       Tailslap          |     5 |    10 |     9 |    20 |    61 |     4 ||   109
       Short sword       |    32 |   108 |    94 |    18 |       |       ||   252
       Scimitar          |       |       |       |   162 |   307 |    42 ||   511
       Long sword        |       |       |       |       |       |     3 ||     3
Throw: Dart              |       |       |     3 |       |       |       ||     3
       Throwing net      |       |       |       |     1 |     1 |       ||     2
 Cast: Sandblast         |     8 |    38 |    90 |   220 |   466 |    85 ||   907
       Stone Arrow       |       |     1 |     3 |   110 |   526 |   392 ||  1032
       Mephitic Cloud    |       |       |     1 |     5 |    51 |     8 ||    65
       Lee's Rapid Decon |       |       |       |       |    19 |    15 ||    34
       Passwall          |       |       |       |       |     1 |     6 ||     7
       Iron Shot         |       |       |       |       |     6 |    40 ||    46
       Bolt of Magma     |       |       |       |       |       |     1 ||     1
Invok: Channel Magic     |       |       |       |       |     1 |       ||     1
 Abil: Breathe Steam     |       |       |    11 |    16 |    32 |     5 ||    64
Evoke: Wand              |       |    16 |    19 |    38 |    80 |    54 ||   207
       Phial of floods   |       |       |       |       |     3 |     4 ||     7
       Phantom mirror    |       |       |       |       |     1 |       ||     1
  Use: Scroll            |       |     9 |     4 |     6 |    15 |    20 ||    54
       Potion            |       |       |     3 |     1 |    11 |    16 ||    31
 Stab: Sleeping          |     3 |     2 |     1 |     2 |       |       ||     8
       Confused          |       |       |       |     1 |     6 |       ||     7
       Distracted        |       |       |       |     1 |       |     1 ||     2
       Paralysed         |       |       |       |       |    19 |     2 ||    21
  Eat: Chunk             |     2 |     7 |     5 |    22 |    53 |     9 ||    98
       Ration            |       |     1 |     2 |     8 |    15 |    15 ||    41
Armor: Skin              |    20 |    45 |    44 |   120 |   169 |    81 ||   479
Dodge: Dodged            |    40 |   110 |   118 |   305 |   368 |   205 ||  1146
Block: Shield            |       |       |       |   191 |   596 |   288 ||  1075
       Rpst.: Scimitar   |       |       |       |    61 |    94 |    35 ||   190
       Long sword        |       |       |       |       |       |     2 ||     2
